 Dungeon Crawl Stone Soup version 0.26-a0-663-g36e8fdb655 (console) character file.

Game seed: 16032475411189984214

140 jejorda2 the Slasher (level 5, -4/70 HPs)
             Began as a Minotaur Berserker on Oct 11, 2020.
             Was a Believer of Trog.
             Hit by a silver javelin thrown by a gnoll (10 damage)
             ... on level 3 of the Dungeon.
             The game lasted 00:03:15 (1958 turns).

jejorda2 the Slasher (Minotaur Berserker)           Turns: 1958, Time: 00:03:15

Health: -4/70      AC:  4    Str: 23    XL:     5   Next: 2%
Magic:  4/4        EV: 12    Int:  4    God:    Trog [**....]
Gold:   73         SH:  0    Dex:  9    Spells: 4/4 levels left

rFire    . . .     SeeInvis .   a - +0 falchion
rCold    . . .     Faith    .   (no shield)
rNeg     . . .     Spirit   .   c - +0 leather armour
rPois    .         Reflect  .   (helmet restricted)
rElec    .         Harm     .   f - +0 cloak
rCorr    .         Rampage  .   (no gloves)
MR       .....                  (no boots)
Stlth    ..........             (no amulet)
HPRegen  0.21/turn              (no ring)
MPRegen  0.09/turn              (no ring)

@: berserking, very quick
A: retaliatory headbutt, horns 2
a: Berserk, Trog's Hand, Renounce Religion


You were on level 3 of the Dungeon.
You worshipped Trog.
Trog was pleased with you.
You visited 1 branch of the dungeon, and saw 3 of its levels.

You collected 73 gold pieces.

Inventory:

Hand Weapons
 a - a +0 falchion (weapon)
Missiles
 g - 35 arrows
 k - 6 javelins (quivered)
Armour
 c - a +0 leather armour (worn)
 f - a +0 cloak (worn)
Scrolls
 b - a scroll of enchant armour {unknown}
 h - 3 scrolls of magic mapping {unknown}
 i - a scroll of identify {unknown}
 j - 2 scrolls of remove curse {unknown}
Potions
 d - a potion of curing {unknown}
 e - a potion of lignification {unknown}
 l - a potion of might {unknown}


   Skills:
 + Level 4.6 Fighting
 * Level 5.6 Long Blades
 + Level 3.7 Armour
 - Level 2.1 Dodging


You had 4 spell levels left.
You didn't know any spells.
Your spell library was empty.

Dungeon Overview and Level Annotations

Branches:
Dungeon (3/15)

Altars:


Innate Abilities, Weirdness & Mutations

You reflexively headbutt those who attack you in melee.
You have a pair of horns on your head.


Message History

You feel yourself moving faster!
You feel mighty! The gnoll closely misses you. The gnoll barely misses you.
You hit the gnoll.
The gnoll is lightly wounded.
The gnoll hits you with a +0 spear!
* * * LOW HITPOINT WARNING * * *
You slash the gnoll!
The gnoll is almost dead.
The gnoll hits you with a +0 spear!
* * * LOW HITPOINT WARNING * * *
The gnoll barely misses you.
You barely miss the gnoll. You headbutt the gnoll.
You kill the gnoll!
Trog accepts your kill.
You have reached level 5!
A gnoll comes into view.
It is wielding a +0 whip and quivering 7 silver javelins.
The gnoll shouts!
The gnoll hits you but does no damage.
The gnoll throws a silver javelin.
The silver javelin pierces through you!
You die...

......... #.# .#
# #...##### #.#
.# .## ##.##
.#.###.###.#.<.#
# .#
.........().(.# #
..
.?..###.#(..#...#
# ##. ..
#.#(####.## # #.
#.#......# # #>
#.#..#####
######.# #.#)@#
........
.g.....g#
........
.....##.#
######.# ####.
#.# # #.# #.# #.#
#)#


You could see 2 gnolls.

Vanquished Creatures
  An orc wizard (D:3)
  A gnoll (D:3)
  4 adders (D:2)
  A dart slug (D:1)
  3 leopard geckos (D:2)
  4 orcs (D:3)
  7 bats
  4 giant cockroaches
  5 goblins
  11 hobgoblins
  2 ball pythons
  3 frilled lizards
  6 kobolds
  7 rats
59 creatures vanquished.

Notes
Turn   | Place    | Note
-------+----------+-------------------------------------------
     0 | D:1      | jejorda2 the Minotaur Berserker began the quest for the
                  | Orb.
     0 | D:1      | Reached XP level 1. HP: 19/19 MP: 0/0
   153 | D:1      | Reached skill level 4 in Long Blades
   153 | D:1      | Reached XP level 2. HP: 27/27 MP: 1/1
   871 | D:1      | Reached XP level 3. HP: 33/33 MP: 2/2
  1207 | D:2      | Reached ** piety under Trog
  1314 | D:2      | Reached XP level 4. HP: 29/40 MP: 3/3
  1314 | D:2      | Reached skill level 5 in Long Blades
  1957 | D:3      | Reached XP level 5. HP: 6/47 MP: 4/4
  1958 | D:3      | Hit by a silver javelin thrown by a gnoll

Illustrated notes

Levels and vault maps discovered:
D:1:      tarquinn_simple_flora_water_e, layout_basic, minmay_misc_feat_tower,
          minmay_cupped
D:2:      layout_rooms, minmay_misc_feat_five
D:3:      layout_loops_ring

Skill      XL: |  1  2  3  4 |
---------------+-------------+-----
Long Blades    | 4 5 |  5.6
Fighting       | 4 |  4.6
Armour         | 3 |  3.7
Dodging        | |  2.1

Action                   |  1- 3 |  4- 6 || total
-------------------------+-------+-------++-------
Melee: Falchion          |    69 |    37 ||   106
       Headbutt          |     9 |     6 ||    15
Invok: Berserk           |       |     1 ||     1
Armor: Leather armour    |    26 |     6 ||    32
Dodge: Dodged            |    53 |    23 ||    76
       Rpst.: Falchion   |    15 |     6 ||    21

Table legend: (Time is in decaauts)
 A = Elapsed time spent in this place.
 B = Non-inter-level travel time spent in this place.
 C = Inter-level travel time spent in this place.
 D = Time resting spent in this place.
 E = Time spent auto-exploring this place.
 F = Levels seen in this place.
 G = Mean time per level.
                   A        B        C        D        E       F      G
               +--------+--------+--------+--------+--------+-----+--------+
         Total |   1963 |   1750 |    213 |      0 |   1432 |   3 |  654.3 |
       Dungeon |   1963 |   1750 |    213 |      0 |   1432 |   3 |  654.3 |
               +--------+--------+--------+--------+--------+-----+--------+

Top non-repeatable levels by time:
     D:1: 1188 daAuts
     D:2: 667 daAuts
     D:3: 107 daAuts
